 Dungeon Crawl Stone Soup version 0.31.0-11-ge490571c62 (webtiles) character file.

Game seed: 4620340607974929454

3098 octoduck the Arsonist (level 9, -2/112 HPs)
             Began as a Red Draconian Fire Elementalist on Feb 4, 2024.
             Was an Initiate of Gozag.
             Slain by Biggs's ghost (7 damage)
             ... on level 7 of the Dungeon.
             The game lasted 00:42:06 (11413 turns).

octoduck the Arsonist (DrFE)                       Turns: 11413, Time: 00:42:06

Health: -2/112     AC: 24    Str: 11    XL:     9   Next: 59%
Magic:  12/12      EV:  2    Int: 19    God:    Gozag
Gold:   47         SH:  4    Dex: 12    Spells: 2/12 levels left

rFire   . . .        v - +9 dagger of Muphon {pain, rElec rF- Will- SInv}
rCold   + . .        A - +0 buckler
rNeg    . . .        (body armour unavailable)
rPois   +            (helmet currently unavailable)
rElec   +            (cloak currently unavailable)
rCorr   +            (gloves currently unavailable)
SInv    +            c - melded +0 pair of boots
Will    .....        (no amulet)
Stlth   +++          (no ring)
HPRegen 0.38/turn    (no ring)
MPRegen 0.13/turn

%: no passive effects
@: mighty, tree-form, resistant, hasted, very quick
A: stationary, stasis, torment immunity, boosted hp, (breathe fire), AC +7,
unfitting armour, (fire resistance 1), (cold-blooded)
a: End Transformation, Renounce Religion, Potion Petition, Call Merchant, Bribe
Branch


You were on level 7 of the Dungeon.
You worshipped Gozag.
Gozag was noncommittal.
You were a tree.
You visited 2 branches of the dungeon, and saw 9 of its levels.

You collected 821 gold pieces.
You spent 322 gold pieces at shops.
You paid 452 gold pieces to Gozag.

Inventory:

Hand Weapons
 d - a +1 short sword
 v - the +9 dagger of Muphon (weapon) {pain, rElec rF- Will- SInv}
   (You found it on level 6 of the Dungeon)

   rF-:       It makes you vulnerable to fire.
   rElec:     It insulates you from electricity.
   Will-:     It decreases your willpower.
   SInv:      It lets you see invisible.
Missiles
 f - 13 poisoned darts
 u - 6 atropa-tipped darts
Armour
 c - a +0 pair of boots (melded)
 g - a +0 tower shield
 A - a +0 buckler (worn)
Talismans
 k - a talisman of death
Wands
 a - a wand of iceblast (14)
 z - a wand of polymorph (9)
Scrolls
 b - 6 scrolls of amnesia
 h - 2 scrolls of immolation
 j - 2 scrolls of teleportation
 l - 2 scrolls of noise
 m - a scroll of fear
 n - a scroll of enchant weapon
 o - a scroll of summoning {unknown}
 p - a scroll of revelation
 r - a scroll of poison {unknown}
 s - a scroll of torment {unknown}
 t - a scroll of fog {unknown}
Potions
 i - a potion of attraction
 q - 2 potions of mutation
 w - a potion of might


   Skills:
 - Level 5.6 Fighting
 - Level 1.7 Dodging
 - Level 4.4 Stealth
 * Level 1.7 Shields
 - Level 2.0 Spellcasting
 + Level 7.4 Conjurations
 - Level 3.8 Translocations
 + Level 10.0 Fire Magic


You had 2 spell levels left.
You knew the following spells:

 Your Spells              Type           Power      Damage    Failure   Level
a - Foxfire               Conj/Fire      100%       2x1d9     1%          1
b - Scorch                Fire           80%        2d8       1%          2
c - Volatile Blastmotes   Fire/Tloc      56%        2d14      4%          3
d - Flame Wave            Conj/Fire      35%        2d10      7%          4

Your spell library contained the following spells:

 Spells                   Type           Power      Damage    Failure   Level
 Lesser Beckoning         Tloc           32%        N/A       8%          2
 Necrotise                Necr           4%         1d4       24%         1
 Sandblast                Erth           2%         2d4       24%         1
 Ensorcelled Hibernation  Hex/Ice        2%         N/A       36%         2
 Jinxbite                 Hex            2%         N/A       36%         2
 Inner Flame              Hex/Fire       20%        N/A       10%         3
 Gell's Gravitas          Tloc           16%        N/A       16%         3
 Stone Arrow              Conj/Erth      30%        3d8       16%         3
 Teleport Other           Tloc           16%        N/A       16%         3
 Sticky Flame             Fire/Alch      20%        2d6       30%         4
 Brom's Barrelling Bould  Conj/Erth      15%        2d4       47%         4
 Passwall                 Erth           1%         N/A       58%         3
 Swiftness                Air            1%         N/A       58%         3
 Vampiric Draining        Necr           1%         2d6       58%         3
 Vhi's Electric Charge    Tloc/Air       18%        N/A       75%         4
 Arcjolt                  Conj/Air       7%         1d17      83%         5
 Martyr's Knell           Necr/Summ      1%         N/A       94%         4
 Plasma Beam              Fire/Air       10%        2x1d21    99%         6
 Curse of Agony           Necr           1%         N/A       100%        5
 Yara's Violent Unravell  Hex/Alch       0%         3d3       100%        5
 Enfeeble                 Hex            0%         N/A       100%        7


Dungeon Overview and Level Annotations

Branches:
Dungeon (8/15)             Temple (1/1) D:5
   Lair: D:8-11

Altars:
Ashenzari
Cheibriados
Dithmenos
Elyvilon
Gozag
Hepliaklqana
Makhleb
Nemelex Xobeh
Okawaru
Qazlal
Ru
Sif Muna
Trog
Uskayaw
Xom
Yredelemnul
Zin
The Shining One

Shops:
D:1 ?*(*!   D:4 *   D:5 [*(*(:

Annotations:
D:7 Biggs's ghost, novice TrFi
D:8 Arctor's ghost, novice DEEE; Ryanme17's ghost, novice MiFi


Innate Abilities, Weirdness & Mutations

You are a tree.
Your roots penetrate the ground, keeping you stationary.
You cannot be teleported.
You are immune to unholy pain and torment.
Your maximum health is greatly increased.
Your equipment is partially melded.
((You can breathe blasts of fire.))
((Your fiery red scales are hard. (AC +7)))
You cannot fit into any form of body armour.
((Your flesh is heat resistant. (rF+)))
((You are cold-blooded and may be slowed by cold attacks.))


Message History

You feel better.
Biggs's ghost whispers, "The ORB doesn't exist."
Biggs's ghost hits you. Biggs's ghost hits you!
You feel better.
Biggs's ghost hits you but does no damage.
Biggs's ghost hits you!!
* * * LOW HITPOINT WARNING * * *
You feel better.
Your surroundings suddenly seem different. 3 yaks come into view.
The yak bellows! x3; You hear a bellow!
A yak comes into view.
Biggs's ghost hits you.
* * * LOW HITPOINT WARNING * * *
There is a stone staircase leading up here.
Biggs's ghost closely misses you.
You climb upwards.
There is a stone staircase leading down here.
As you read the scroll of teleportation, it crumbles to dust.
You feel strangely unstable. Biggs's ghost barely misses you.
Okay, then.
Okay, then.
Okay, then.
As you read the scroll of identify, it crumbles to dust.
x - a potion of haste Biggs's ghost closely misses you.
You feel yourself speed up. Biggs's ghost hits you!
* * * LOW HITPOINT WARNING * * *
[a] - 357 gold - lignification, might and resistance [b] - 493 gold - lignification, might and resistance [c] - 432 gold - might, brilliance and resistance Purchase which effect?
You no longer have enough gold to petition Gozag for potion effects.
You turn into a tree.
Your +0 pair of boots melds into your body.
Your roots penetrate the ground.
You feel strangely stable.
You feel very mighty all of a sudden.
You feel protected.
You barely miss Biggs's ghost. Biggs's ghost hits you!
You die...
Your body crumbles into a pile of gold.

####.#.#..#.....##.#
..##.#.#....##..##.#
#.##...............#
.....!....#.....####
#.###.#....#...##
#.....#....#.###
....>.#........#
[.....##...###.###
<..............W♣#
......##.......#.###
#..........#.......#
###.#.....##..##.###
# #.....#........#
###.#...^....#####
....#..<...#.#
###.###....#.####
###.####.....[..#


You could see Biggs's ghost.

Vanquished Creatures
  4 yaks
  A steam dragon (D:7)
  3 black bears
  A sky beast (D:8)
  2 ogres (D:5)
  4 phantoms
  A necrophage (D:6)
  2 bullfrogs (D:7)
  2 scorpions
  7 wights (D:7)
  2 howler monkeys
  A centaur zombie (D:6)
  A bombardier beetle (D:5)
  A bullfrog zombie (D:6)
  3 hounds
  3 jellies
  A gnoll bouda (D:6)
  5 orc priests
  An iguana (D:6)
  A spectral killer bee (D:6)
  A bullfrog simulacrum (D:6)
  7 gnolls
  10 adders
  3 white imps
  3 ribbon worms
  3 dart slugs
  17 orcs
  12 endoplasms
  2 giant cockroaches
  2 goblins (D:1)
  10 hobgoblins
  4 quokkas
  8 ball pythons
  2 bats
  3 frilled lizards
  7 kobolds
  7 rats
147 creatures vanquished.

Vanquished Creatures (others)
  440 foxfires
440 creatures vanquished.

Grand Total: 587 creatures vanquished

Notes
Turn   | Place    | Note
-------+----------+-------------------------------------------
     0 | D:1      | octoduck the Draconian Fire Elementalist began the quest
                  | for the Orb.
     0 | D:1      | Reached XP level 1. HP: 14/14 MP: 3/3
   408 | D:1      | Found Naadagum's Distillery.
   419 | D:1      | Reached XP level 2. HP: 20/20 MP: 0/5
   604 | D:1      | Found Duik's Assorted Antiques.
   714 | D:1      | Learned a level 2 spell: Scorch
   879 | D:1      | Found Tebun's Magic Scroll Emporium.
   887 | D:1      | Bought a scroll of identify for 28 gold pieces
   896 | D:1      | Found Xauluac's General Store.
   913 | D:1      | Found Gixkurof's Weapon Emporium.
  1025 | D:1      | Bought a scroll of teleportation for 42 gold pieces
  1091 | D:2      | Reached XP level 3. HP: 24/26 MP: 1/6
  2294 | D:1      | Bought a scroll of noise for 14 gold pieces
  2444 | D:3      | Reached XP level 4. HP: 33/33 MP: 4/7
  2636 | D:3      | Found a stormy altar of Qazlal.
  2692 | D:3      | Found an iron altar of Okawaru.
  2842 | D:3      | Reached skill level 4 in Fire Magic
  3174 | D:3      | Reached XP level 5. HP: 38/38 MP: 4/8
  3212 | D:3      | Learned a level 3 spell: Volatile Blastmotes
  3537 | D:1      | Bought a scroll of revelation for 105 gold pieces
  3922 | D:1      | Bought a scroll of identify for 28 gold pieces
  4122 | D:4      | Found a basalt altar of Yredelemnul.
  4128 | D:4      | Found a bloodstained altar of Trog.
  4208 | D:4      | Found Gerchaj's Overcharged Wands.
  4209 | D:4      | Noticed a phantom
  4234 | D:4      | Killed a phantom
  4235 | D:4      | Reached skill level 1 in Translocations
  4430 | D:4      | Reached skill level 5 in Fire Magic
  4430 | D:4      | Reached XP level 6. HP: 42/45 MP: 2/9
  4645 | D:5      | Entered Level 5 of the Dungeon
  4662 | D:5      | Found a staircase to the Ecumenical Temple.
  4837 | Temple   | Entered the Ecumenical Temple
  4884 | D:5      | Your scales start taking on a fiery red colour.
  4884 | D:5      | Reached skill level 7 in Fire Magic
  4884 | D:5      | Reached XP level 7. HP: 50/50 MP: 5/10
  4884 | D:5      | Gained mutation: Your flesh is heat resistant. (rF+) [Red
                  | Draconian growth]
  4927 | D:5      | Found Paetac's Weapon Boutique.
  5118 | D:5      | Found Sysueclo's General Store.
  5547 | D:5      | Found a burning altar of Makhleb.
  5547 | D:5      | Found a broken altar of Ashenzari.
  5624 | D:5      | Reached skill level 1 in Fighting
  5665 | D:5      | Found Voew's Tremendous Tomes.
  5977 | D:5      | Found a sacrificial altar of Ru.
  5986 | D:5      | Found a white marble altar of Elyvilon.
  5990 | D:5      | Found a shimmering blue altar of Sif Muna.
  6266 | Temple   | Became a worshipper of Gozag Ym Sagoz the Greedy
  6302 | D:5      | Reached skill level 8 in Fire Magic
  6346 | D:5      | Found Qorphih's Weapon Shoppe.
  6351 | D:5      | Found Muotrivuxi's Assorted Antiques.
  6426 | D:5      | Found a glowing golden altar of the Shining One.
  6525 | D:5      | Found Zeus's Dragon-Slaying Spoils.
  6611 | D:6      | Reached XP level 8. HP: 56/62 MP: 6/11
  6652 | D:6      | Learned a level 4 spell: Flame Wave
  6774 | D:1      | Bought a potion of degeneration for 12 gold pieces
  7748 | D:6      | Identified the +9 dagger of Muphon {pain, rElec rF- Will-
                  | SInv}
  7941 | D:1      | Bought a potion of might for 48 gold pieces
  8237 | D:6      | Reached skill level 5 in Conjurations
  8467 | D:6      | Reached skill level 9 in Fire Magic
  9349 | D:8      | Found a sparkling altar of Nemelex Xobeh.
  9529 | D:8      | Found a runed translucent gate.
  9529 | D:8      | Found a runed translucent gate.
  9530 | D:8      | Found a runed translucent gate.
  9535 | D:8      | Noticed Biggs's ghost (novice TrFi)
  9535 | D:8      | Noticed Ryanme17's ghost (novice MiFi)
  9535 | D:8      | Noticed Arctor's ghost (novice DEEE)
  9535 | D:8      | Noticed Biggs's ghost (novice TrFi)
  9609 | D:7      | Reached XP level 9. HP: 27/72 MP: 3/12
  9912 | D:6      | Reached skill level 5 in Fighting
 10386 | D:7      | Found a shimmering altar of Xom.
 10680 | D:5      | Bought a +0 buckler for 45 gold pieces
 10941 | D:7      | Reached skill level 1 in Shields
 11072 | D:7      | Reached skill level 10 in Fire Magic
 11411 | D:7      | HP: 3/75 [Biggs's ghost (15)]
 11413 | D:7      | Slain by Biggs's ghost

Illustrated notes

Levels and vault maps discovered:
D:1:      onia_arrival_mini_maze, layout_basic, serial_shops, shop, shop_statue,
          shop_fountains, shop, nicolae_shop_behind_doors
D:2:      layout_rooms
D:3:      layout_basic, okawaru_metal_pillars_3, old_standard_altar,
          serial_bayou_pond_e, nicolae_the_louvre
D:4:      layout_cave_pools, grunt_temple_overflow_open, minmay_splitting_lines,
          nicolae_shop_overcharged_wands
D:5:      layout_gridville, minmay_overflow_temple_star_quad,
          nicolae_tso_carved_into_rock, gammafunk_temple_overflow_pools,
          minmay_temple_entry_statues_fountains, serial_shops,
          nicolae_shop_statue_plus, nicolae_shop_bloodbath_and_beyond, shop,
          nicolae_shop_waterfront, nicolae_shop_i_like_big_books,
          nicolae_shop_dragon_depot, minmay_misc_feat_doors
D:6:      layout_gridville, glass_columns_a, dilly_guarded_unrand_morg
D:7:      layout_basic, old_standard_altar
D:8:      layout_basic, nemelex_xobeh_ov_fountains_minmay, lemuel_crystal_altar,
          gammafunk_ghost_cemetery
Temple:   hellmonk_temple_rainy

Skill      XL: |  1  2  3  4  5  6  7  8  9 |
---------------+----------------------------+-----
Stealth        | 2 3 4 |  4.4
Conjurations   | 2 3 5 7 |  7.4
Fire Magic     | 4 5 7 8 9 10 | 10.0
Translocations | 1 2 3 |  3.8
Fighting       | 2 4 5 |  5.6
Shields        | 1 |  1.7
Dodging        | |  1.7
Spellcasting   | |  2.0

Action                     |  1- 3 |  4- 6 |  7- 9 || total
---------------------------+-------+-------+-------++-------
  Melee: Short sword       |    10 |     1 |       ||    11
         Tailslap          |     2 |       |       ||     2
         Dagger            |       |       |    11 ||    11
         Punch             |       |       |     1 ||     1
   Cast: Foxfire           |    69 |    73 |   108 ||   250
         Scorch            |     9 |    13 |    35 ||    57
         Volatile Blastmot |       |       |    18 ||    18
         Flame Wave        |       |       |     3 ||     3
 Invoke: Potion Petition   |       |       |     1 ||     1
Ability: Breathe Fire      |       |       |     5 ||     5
    Use: Scroll            |     4 |     3 |     6 ||    13
         Potion            |       |       |     8 ||     8
 Armour: Skin              |    30 |    19 |   116 ||   165
  Dodge: Dodged            |    38 |    26 |    85 ||   149
